 Dungeon Crawl Stone Soup version 0.30.1 (webtiles) character file.

Game seed: 14789712850965421378

130 AztecRisk the Chiller (level 5, -2/35 HPs)
             Began as a Merfolk Ice Elementalist on July 5, 2023.
             Killed by nerve-wracking pain
             ... invoked by Grinder
              (9 damage)
             ... on level 3 of the Dungeon.
             The game lasted 00:53:45 (5722 turns).

AztecRisk the Chiller (Merfolk Ice Elementalist)    Turns: 5722, Time: 00:53:46

Health: -2/35      AC:  4    Str:  8    XL:     5   Next: 14%
Magic:  9/9        EV: 12    Int: 16    God:
Gold:   87         SH:  0    Dex: 15    Spells: 5/9 levels left

rFire   . . .        e - +0 whip (flame)
rCold   . . .        (no shield)
rNeg    . . .        A - +0 leather armour
rPois   .            J - +0 helmet
rElec   .            (no cloak)
rCorr   .            (no gloves)
SInv    .            (no boots)
Will    .....        (no amulet)
Stlth   ++           (no ring)
HPRegen 0.25/turn    (no ring)
MPRegen 0.11/turn

%: no passive effects
@: no status effects
A: (nimble swimmer 2), mertail
a: no special abilities


You were on level 3 of the Dungeon.
You visited 1 branch of the dungeon, and saw 3 of its levels.

You collected 87 gold pieces.

Inventory:

Hand Weapons
 c - a +0 sling
 e - a +0 whip of flaming (weapon)
 g - a +0 dagger
 k - a +0 club
 m - a +0 dagger
 n - a +0 club
 r - a +0 falchion
 s - a +0 dagger
 t - a +0 short sword
 u - a +0 dagger
 x - a +0 club
 y - a +0 dagger
 z - a +0 short sword
 D - a +0 club
 E - a +0 dagger
 F - a +0 dagger
 G - a +0 club
 H - a +0 short sword
 L - a +0 club
 M - a +0 sling
 N - a +0 dagger
 O - a +0 club
 P - a +0 flail
 S - a +1 morningstar of protection
Missiles
 i - 4 poisoned darts
 v - 9 stones
Armour
 a - a +0 robe
 l - a +1 hat
 w - a +0 robe
 A - a +0 leather armour (worn)
 I - a +0 animal skin
 J - a +0 helmet (worn)
 Q - a +0 chain mail
 R - a +0 robe
 T - a +0 leather armour
 U - a +0 ring mail
Wands
 K - a wand of flame (24) (quivered)
Scrolls
 h - a scroll of fear {unknown}
 o - a scroll of enchant weapon {unknown}
 p - a scroll of blinking {unknown}
 q - 2 scrolls of identify {unknown}
Potions
 b - a potion of magic
 d - 2 potions of ambrosia {unknown}
 f - a potion of degeneration {unknown}
 j - 2 potions of curing {unknown}
 B - 2 potions of brilliance {unknown}
 C - a potion of lignification {unknown}


   Skills:
 + Level 0.1 Fighting
 + Level 0.5 Maces & Flails
 + Level 0.3 Armour
 + Level 3.5 Dodging
 + Level 2.4 Stealth
 + Level 2.7 Spellcasting
 + Level 5.7 Ice Magic


You had 5 spell levels left.
You knew the following spells:

 Your Spells              Type           Power      Damage    Failure   Level
a - Freeze                Ice            80%        1d9       2%          1
b - Hailstorm             Conj/Ice       11%        3d5       24%         3

Your spell library contained the following spells:

 Spells                   Type           Power      Damage    Failure   Level
 Frozen Ramparts          Ice            40%        1d7       8%          3
 Ozocubu's Armour         Ice            20%        N/A       8%          3
 Summon Ice Beast         Ice/Summ       11%        N/A       63%         4
 Animate Armour           Summ/Erth      4%         N/A       95%         4
 Blade Hands              Tmut           1%         N/A       100%        5
 Iron Shot                Conj/Erth      1%         9d1       100%        6
 Ozocubu's Refrigeration  Ice            10%        4d9       100%        7


Dungeon Overview and Level Annotations

Branches:
Dungeon (3/15)

Altars:

Annotations:
D:3 Grinder


Innate Abilities, Weirdness & Mutations

((You are very nimble when in or above water. (Stealth+, EV+, Speed+++)))
Your lower body shifts to a powerful aquatic tail in water.


Message History

You see here a +0 leather armour.
T - a +0 leather armour You open the door.
Done exploring.
No target in view!
There are no items here.
What are your orders? t - Shout!
Orders for allies: a - Attack new target. r - Retreat! s - Stop attacking. g - Guard the area. f - Follow me.
Anything else - Cancel.
Okay, then.
There is a stone staircase leading down here.
You climb downwards.
Found a ring mail and 12 gold pieces.
There is a stone staircase leading up here.
Grinder comes into view.
You see here a +0 ring mail.
There is a stone staircase leading up here.
You see here a +0 ring mail.
U - a +0 ring mail
Found an emerald potion.
You see here 12 gold pieces.
Grinder gestures at you.
You suddenly lose the ability to move!
Grinder hits you!
You writhe in agony.
Grinder barely misses you. Grinder hits you!
You writhe in agony.
* * * LOW HITPOINT WARNING * * *
You can move again.
You see here 12 gold pieces.
You now have 87 gold pieces (gained 12).
Grinder gestures at you.
You shrug off the repeated paralysis!
Grinder gestures at you. You resist with significant effort.
Grinder gestures at you. Pain shoots through your body!
You die...

#..
#######.#######..
.................
#.########.#########
#........<.#
##########........
#############
#......<# #.###..@#
#.......# .........#
######.#5# ...#.#
.......# ####...##
.... ##.!.


You could see Grinder.

Vanquished Creatures
  Robin (D:2)
  4 adders (D:2)
  2 worms (D:2)
  2 orcs (D:2)
  8 ball pythons
  6 bats
  3 endoplasms (D:2)
  4 giant cockroaches
  14 goblins
  7 hobgoblins
  2 jackals (D:1)
  2 kobolds
  4 quokkas
  6 frilled lizards
  5 rats
70 creatures vanquished.

Notes
Turn   | Place    | Note
-------+----------+-------------------------------------------
     0 | D:1      | AztecRisk the Merfolk Ice Elementalist began the quest for
                  | the Orb.
     0 | D:1      | Reached XP level 1. HP: 13/13 MP: 3/3
   657 | D:1      | Reached XP level 2. HP: 19/19 MP: 3/5
  1184 | D:1      | Found a faded altar of an unknown god.
  1206 | D:1      | Reached skill level 5 in Ice Magic
  1996 | D:1      | Reached XP level 3. HP: 24/24 MP: 4/6
  2001 | D:1      | Learned a level 3 spell: Hailstorm
  3057 | D:2      | Reached XP level 4. HP: 30/30 MP: 4/7
  3086 | D:2      | Noticed Robin
  3455 | D:2      | Killed Robin
  5272 | D:2      | Reached XP level 5. HP: 35/35 MP: 6/9
  5703 | D:3      | Noticed Grinder
  5714 | D:3      | Paralysed by Grinder for 5 turns
  5722 | D:3      | Killed from afar by Grinder

Illustrated notes

Levels and vault maps discovered:
D:1:      onia_arrival_mini_maze, layout_loops_corners,
          ebering_ecumenical_altar_hall
D:2:      layout_basic, grunt_ministairs_13, kennysheep_generic_room_3,
          uniq_robin
D:3:      layout_basic, serial_curves, eino_curves_04, eino_curves_01,
          uniq_grinder

Skill      XL: |  1  2 |
---------------+-------+-----
Dodging        | 3 |  3.5
Ice Magic      | 5 |  5.7
Fighting       | |  0.1
Maces & Flails | |  0.5
Armour         | |  0.3
Stealth        | |  2.4
Spellcasting   | |  2.7

Action                     |  1- 3 |  4- 6 || total
---------------------------+-------+-------++-------
  Melee: Unarmed           |     6 |       ||     6
         Whip              |    19 |    14 ||    33
   Cast: Freeze            |    45 |    35 ||    80
         Hailstorm         |     2 |     3 ||     5
   Stab: Sleeping          |       |     1 ||     1
 Armour: Robe              |     8 |       ||     8
         Leather armour    |     1 |    16 ||    17
  Dodge: Dodged            |    44 |    60 ||   104
